 Dungeon Crawl Stone Soup version 0.22-a0-109-gbeb7240 (webtiles) character file.

2132 KristoblXynda the Ruffian (level 9, 0/75 HPs)
             Began as a White Draconian Monk on Jan 26, 2018.
             Was a Priest of Ashenzari.
             Slain by Menkaure (23 damage)
             ... on level 7 of the Dungeon.
             The game lasted 00:13:41 (6393 turns).

KristoblXynda the Ruffian (White Draconian Monk)    Turns: 6393, Time: 00:13:42

Health: 0/75       AC: 10    Str: 18    XL:     9   Next: 9%
Magic:  11/11      EV: 13    Int: 13    God:    Ashenzari [***...]
Gold:   188        SH: 10    Dex: 13    Spells: 8/8 levels left

rFire    . . .     SeeInvis +     - Unarmed
rCold    + + .     Gourm    .   e - +0 shield
rNeg     . . .     Faith    .   (armour unavailable)
rPois    .         Spirit   .   s - +1 hat (curse)
rElec    .         Reflect  .   (no cloak)
rCorr    .         Harm     .   h - +0 pair of gloves (curse)
MR       .....                  g - +0 pair of boots
Stlth    ++........             (no amulet)
HPRegen  0.22/turn              p - +3 ring of strength
MPRegen  0.12/turn              q - ring of protection from cold

@: short of breath
A: breathe frost, unfitting armour, cold resistance 1, cold-blooded, AC +7
a: Breathe Frost, Curse Item, Scrying, Renounce Religion


You were on level 7 of the Dungeon.
You worshipped Ashenzari.
Ashenzari was most pleased with you.
You were hungry.

You visited 2 branches of the dungeon, and saw 8 of its levels.

You collected 188 gold pieces.

Inventory:

Missiles
 t - a throwing net (quivered)
Armour
 e - a +0 shield (worn)
 g - a +0 pair of boots (worn)
 h - a cursed +0 pair of gloves (worn)
 s - a cursed +1 hat (worn)
Jewellery
 l - an uncursed ring of resist corrosion
 p - a +3 ring of strength (left hand)
 q - a ring of protection from cold (right hand)
Wands
 c - a wand of random effects (61)
Scrolls
 b - a scroll of immolation {unknown}
 d - a scroll of enchant armour {unknown}
 f - a scroll of fear {unknown}
 j - a scroll of random uselessness {unknown}
 m - a scroll of magic mapping {unknown}
 o - a scroll of amnesia {unknown}
 r - 3 scrolls of identify
 u - a scroll of torment {unknown}
Potions
 i - a potion of berserk rage
 k - a potion of ambrosia
 n - a potion of flight
 v - a potion of curing
Comestibles
 a - 6 rations


   Skills:
 - Level 6.0 Fighting
 + Level 6.1 Dodging
 - Level 1.7 Stealth
 + Level 5.2 Shields
 + Level 7.2 Unarmed Combat
 + Level 3.5 Evocations


You had 8 spell levels left.
You didn't know any spells.

Dungeon Overview and Level Annotations

Branches:
Dungeon (7/15)             Temple (1/1) D:5

Altars:
Ashenzari
Cheibriados
Dithmenos
Elyvilon
Fedhas
Gozag
Hepliaklqana
Kikubaaqudgha
Makhleb
Nemelex Xobeh
Okawaru
Qazlal
Ru
Sif Muna
Trog
Uskayaw
Vehumet
Wu Jian
Xom
Yredelemnul
Zin
The Shining One

Shops:
D:5 *

Annotations:
D:7 Menkaure


Innate Abilities, Weirdness & Mutations

You can breathe waves of freezing cold.
You can buffet flying creatures when you breathe cold.
Your icy white scales are hard. (AC +7)
You cannot fit into any form of body armour.
Your flesh is cold resistant. (rC+)
You are cold-blooded and may be slowed by cold attacks.


Message History

The orc closely misses you.
Menkaure mumbles some strange words.
Menkaure seems to speed up.
You hit the orc.
You kill the orc!
Menkaure calls on the powers of darkness!
Your body is wracked with pain!
* * * LOW HITPOINT WARNING * * *
The orc warrior convulses!
You are confused.
You feel invigorated.
Menkaure calls on the powers of darkness!
Your body is wracked with pain!
* * * LOW HITPOINT WARNING * * *
The orc warrior convulses!
You bump into the rock wall.
Menkaure closely misses you.
You bump into the rock wall.
You feel less invigorated.
You feel less confused. Menkaure hits you!!
You die...

###############
#.............## , ####*
#.#............# +,, ..{*
#.#.#########..# , *#h.
#.#.# #..# * , *#.#
#.#.##### #..# ,
.####%.#####.#.....#####..##
........o†M@........>..#....
*
....)...####..............#.
........# ###.###.###†#..#.
........#* #.# #........#. *
.......F. ###.###..##.#..#.
.......#. #........<..#.##.
.....$. . #.#.###..........
#######*#. #.###.#...# *
#.#.......#


You could see an orc warrior and Menkaure.

Vanquished Creatures
  Prince Ribbit (D:5)
  Eustachio (D:6)
  2 sky beasts
  2 ice beasts (D:6)
  2 phantoms (D:5)
  2 ogres
  2 bullfrogs (D:7)
  Blork the orc (D:6)
  2 scorpions
  3 howler monkeys (D:7)
  5 crimson imps
  3 hounds
  A jelly (D:7)
  2 orc wizards
  An orc priest (D:6)
  2 iguanas (D:5)
  4 worker ants
  3 worker ant zombies
  4 gnolls (D:4)
  A howler monkey skeleton (D:5)
  3 adders
  3 oozes
  An adder skeleton (D:4)
  An adder zombie (D:5)
  4 leopard geckos
  29 orcs
  2 ball pythons
  A giant cockroach (D:6)
  4 goblins
  5 hobgoblins
  5 jackals
  2 quokkas
  6 bats
  4 frilled lizards
  3 kobolds
  A leopard gecko skeleton (D:6)
  A quokka zombie (D:5)
  9 rats
128 creatures vanquished.

Notes
Turn   | Place    | Note
-------+----------+-------------------------------------------
     0 | D:1      | KristoblXynda the Draconian Monk began the quest for the Orb.
     0 | D:1      | Reached XP level 1. HP: 19/19 MP: 1/1
   143 | D:1      | Found a shattered altar of Ashenzari.
   229 | D:1      | Became a worshipper of Ashenzari the Shackled
   229 | D:1      | Reached * piety under Ashenzari
   229 | D:1      | Reached ** piety under Ashenzari
   275 | D:1      | You fall through a shaft!
   333 | D:2      | Reached XP level 2. HP: 23/26 MP: 2/2
   334 | D:2      | Noticed an ogre
   674 | D:2      | Reached XP level 3. HP: 24/31 MP: 3/3
  1805 | D:3      | Reached skill level 4 in Unarmed Combat
  1805 | D:3      | Reached XP level 4. HP: 32/40 MP: 4/4
  2343 | D:3      | Found a bloodstained altar of Trog.
  2607 | D:4      | Reached XP level 5. HP: 7/46 MP: 5/5
  3152 | D:4      | Reached skill level 1 in Shields
  3255 | D:4      | Noticed an ogre
  3266 | D:4      | Killed an ogre
  3266 | D:4      | Reached skill level 5 in Unarmed Combat
  3266 | D:4      | Reached XP level 6. HP: 45/53 MP: 6/6
  3731 | D:5      | Entered Level 5 of the Dungeon
  3765 | D:5      | Reached skill level 5 in Fighting
  3790 | D:5      | Reached *** piety under Ashenzari
  3904 | D:5      | Found a staircase to the Ecumenical Temple.
  4048 | D:5      | Your scales start taking on an icy white colour.
  4048 | D:5      | Reached XP level 7. HP: 54/61 MP: 7/7
  4048 | D:5      | Gained mutation: Your flesh is cold resistant. (rC+) [White Draconian growth]
  4612 | D:5      | Reached skill level 6 in Unarmed Combat
  4688 | D:5      | Found Ycol's General Store.
  4715 | D:5      | Reached skill level 5 in Dodging
  4932 | Temple   | Entered the Ecumenical Temple
  5207 | D:6      | Reached XP level 8. HP: 64/70 MP: 8/8
  5209 | D:6      | Noticed Prince Ribbit
  5244 | D:5      | Killed Prince Ribbit
  5244 | D:5      | Reached skill level 1 in Evocations
  5304 | D:6      | Noticed Blork the orc
  5319 | D:6      | Noticed Eustachio
  5320 | D:6      | Killed Blork the orc
  5364 | D:6      | Killed Eustachio
  5984 | D:6      | Reached skill level 5 in Shields
  5984 | D:6      | Reached skill level 7 in Unarmed Combat
  6289 | D:7      | Reached XP level 9. HP: 75/75 MP: 11/11
  6372 | D:7      | Noticed Menkaure
  6393 | D:7      | Slain by Menkaure

Vault maps used:
D:1:      lemuel_arrival_lava_pool, nicolae_ashenzari_panopticon
D:2:      first_ration, kennysheep_crisscross, grunt_ministairs_10
D:3:      lightli_temple_of_fire
D:5:      temple_pool_b, serial_shops, shop
D:6:      st_stairs_14, uniq_prince_ribbit1, uniq_eustachio, uniq_blork_the_orc
D:7:      uniq_menkaure, uniq_pikel
Temple:   nicolae_temple_the_god_donut

Skill      XL: |  1  2  3  4  5  6  7  8 |
---------------+-------------------------+-----
Dodging        | 3 4 5 6 |  6.1
Unarmed Combat | 4 5 6 7 |  7.2
Fighting       | 4 5 6 |  6.0
Shields        | 1 2 3 5 |  5.2
Evocations     | 3 |  3.5
Stealth        | |  1.7

Action                   |  1- 3 |  4- 6 |  7- 9 || total
-------------------------+-------+-------+-------++-------
Melee: Unarmed           |   149 |   242 |   309 ||   700
       Tailslap          |    10 |    29 |    52 ||    91
Invok: Curse Item        |     1 |     1 |       ||     2
 Abil: Breathe Frost     |       |       |     4 ||     4
  Use: Potion            |     3 |     1 |     2 ||     6
       Scroll            |       |       |     2 ||     2
 Stab: Sleeping          |     3 |     5 |     2 ||    10
       Distracted        |       |       |     1 ||     1
  Eat: Ration            |     1 |     2 |     1 ||     4
       Chunk             |     1 |       |     4 ||     5
Armor: Skin              |    47 |    42 |    69 ||   158
Dodge: Dodged            |    74 |    90 |   100 ||   264
Block: Shield            |    31 |    71 |   134 ||   236

Table legend:
 A = Spawn XP
 B = Non-spawn XP
 C = Spawn XP percentage of total XP
 D = Spawn monster count
 E = Non-spawn monster count
 F = Spawn count percentage of total count
 G = Total turns spent on level
                    A         B        C        D         E        F      G
               +---------+---------+-------+---------+---------+-------+---------
         Total |       0 |    3047 |   0.0 |       0 |     128 |   0.0 |  6393
               +---------+---------+-------+---------+---------+-------+---------
           D:1 |       0 |      21 |   0.0 |       0 |      14 |   0.0 |   703
           D:2 |       0 |      37 |   0.0 |       0 |      13 |   0.0 |   962
           D:3 |       0 |      67 |   0.0 |       0 |      15 |   0.0 |   726
           D:4 |       0 |     443 |   0.0 |       0 |      25 |   0.0 |  1340
           D:5 |       0 |    1133 |   0.0 |       0 |      23 |   0.0 |  1260
           D:6 |       0 |    1057 |   0.0 |       0 |      29 |   0.0 |  1052
           D:7 |       0 |     289 |   0.0 |       0 |       9 |   0.0 |   112
               +---------+---------+-------+---------+---------+-------+---------
